 Dungeon Crawl Stone Soup version 0.29-a0-914-g906f1d757c (webtiles) character file.

Game seed: 3910536251895003849

186 wilfster70 the Magician (level 5, 0/38 HPs)
             Began as a Gnoll Hedge Wizard on July 26, 2022.
             Succumbed to an orc priest's poison
             ... on level 4 of the Dungeon.
             The game lasted 00:08:31 (3889 turns).

wilfster70 the Magician (Gnoll Hedge Wizard)        Turns: 3889, Time: 00:08:32

Health: 0/38       AC:  3    Str:  9    XL:     5   Next: 65%
Magic:  14/14      EV: 13    Int: 21    God:
Gold:   164        SH:  0    Dex: 12    Spells: 11/18 levels left

rFire   . . .      SeeInvis .   b - +4 sling
rCold   . . .      Faith    .   (no shield)
rNeg    . . .      Spirit   .   o - +0 robe
rPois   +          Reflect  .   c - +1 hat
rElec   .          Harm     .   (no cloak)
rCorr   .          Rampage  .   (no gloves)
Will    .....                   (no boots)
Stlth   +++.......              (no amulet)
HPRegen 0.12/turn               e - +6 ring of intelligence
MPRegen 0.14/turn               f - ring of poison resistance

@: lethally poisoned (0 -> -6)
A: fangs 1, strong nose, distributed training
a: no special abilities


You were on level 4 of the Dungeon.
You visited 1 branch of the dungeon, and saw 4 of its levels.

You collected 164 gold pieces.

Inventory:

Hand Weapons
 a - a +1 dagger
 b - a +4 sling (weapon)
Missiles
 g - 3 poisoned darts
 p - 6 atropa-tipped darts
Armour
 c - a +1 hat (worn)
 o - a +0 robe (worn)
Jewellery
 e - a +6 ring of intelligence (left hand)
 f - a ring of poison resistance (right hand)
 i - a ring of willpower
Scrolls
 k - a scroll of torment {unknown}
 m - a scroll of magic mapping {unknown}
Potions
 d - a potion of magic
 j - 3 potions of brilliance


   Skills:
 + Level 1.6 Fighting
 + Level 1.6 Short Blades
 + Level 1.6 Long Blades
 + Level 1.6 Axes
 + Level 1.6 Maces & Flails
 + Level 1.6 Polearms
 + Level 1.6 Staves
 + Level 1.6 Ranged Weapons
 + Level 1.6 Throwing
 + Level 1.6 Armour
 + Level 4.8 Dodging
 + Level 4.5 Stealth
 + Level 1.6 Shields
 + Level 1.6 Unarmed Combat
 + Level 7.3 Spellcasting
 + Level 2.5 Conjurations
 + Level 1.3 Hexes
 + Level 2.5 Summonings
 + Level 1.3 Necromancy
 + Level 2.5 Translocations
 + Level 1.3 Transmutations
 + Level 1.3 Fire Magic
 + Level 1.3 Ice Magic
 + Level 1.3 Air Magic
 + Level 1.3 Earth Magic
 + Level 1.3 Poison Magic
 + Level 1.9 Invocations
 + Level 1.6 Evocations


You had 11 spell levels left.
You knew the following spells:

 Your Spells              Type           Power      Damage    Failure   Level
b - Call Imp              Summ           18%        N/A       4%          2
c - Mephitic Cloud        Conj/Pois/Air  14%        N/A       13%         3
g - Blink                 Tloc           36%        N/A       4%          2

Your spell library contained the following spells:

 Spells                   Type           Power      Damage    Failure   Level
 Magic Dart               Conj           72%        1d6       3%          1
 Shock                    Conj/Air       60%        1d6       3%          1
 Slow                     Hex            52%        N/A       4%          1
 Conjure Flame            Conj/Fire      15%        6-21      12%         3
 Dazzling Flash           Conj/Hex       30%        N/A       12%         3
 Swiftness                Air            13%        N/A       14%         3
 Iskenderun's Mystic Bla  Conj/Tloc      18%        2d6       30%         4
 Airstrike                Air            6%         0-3+      43%         4
 Starburst                Conj/Fire      7%         6d4       99%         6


Dungeon Overview and Level Annotations

Branches:
Dungeon (4/15)
 Temple: D:4-7

Altars:
Vehumet


Innate Abilities, Weirdness & Mutations

You have very sharp teeth.
Your uncanny sense of smell can sniff out nearby items.
Your experience applies equally to all skills.


Message History

Okay, then.
Unknown command.
Unknown command.
You feel better.
You hear some strange, mumbled words.
You are confused.
The orc misses you. The orc priest closely misses you.
You hear some strange, mumbled words.
Something tries to affect you, but you resist.
You bump into the rock wall.
You closely miss something. Something hits you. The orc closely misses you.
The orc wizard gestures at you while chanting.
You are more confused.
The orc priest hits you but does no damage.
You are poisoned.
You bump into the rock wall.
You feel sick. Something hits you. The orc hits you with a +0 hand axe.
The orc wizard hits you with a +0 dagger.
The orc priest closely misses you. Something hits you but does no damage.
You feel sick. The orc hits you with a +0 hand axe.
* * * LOW HITPOINT WARNING * * *
The orc wizard gestures at you while chanting.
The magic dart hits something.
You feel better. The orc hits you with a +0 hand axe.
* * * LOW HITPOINT WARNING * * *
The orc priest hits you from afar with a +0 trident of venom.
* * * LOW HITPOINT WARNING * * *
You are lethally poisoned!
Okay, then.
Unknown command.
Blink to where?
Press: ? - help, Dir - move target
As you read the scroll of blinking, it crumbles to dust.
* * * LOW HITPOINT WARNING * * *
You feel very sick.
* * * LOW HITPOINT WARNING * * *
You feel sick.
There is a stone staircase leading up, spattered with blood here.
You die...

#.## ...# #..### #..#.###
####...... # #.......#
#.##.......# #
#..(...@...# ###. ∆##
####...[..## ...###.
#......######.# ....#.
#.............#
#.#.########..#.##########
#.#.#..oo.......#
#.....).o....#.##
#.#.########...# #.#.#
#.###


There were no monsters in sight!

Vanquished Creatures
  An orc priest (D:4)
  An iguana (D:4)
  An orc wizard (D:3)
  2 adders
  A dart slug (D:3)
  4 orcs
  8 ball pythons
  3 endoplasms
  2 giant cockroaches (D:1)
  5 goblins
  5 hobgoblins
  4 jackals (D:2)
  5 kobolds
  A quokka (D:1)
  5 bats
  5 frilled lizards
  3 rats
56 creatures vanquished.

Vanquished Creatures (collateral kills)
  3 worms
  A dart slug (D:1)
  2 ball pythons (D:2)
  An endoplasm (D:1)
  A hobgoblin (D:1)
  A quokka (D:2)
  2 kobolds
11 creatures vanquished.

Vanquished Creatures (others)
  A demonic plant (D:2)
1 creature vanquished.

Grand Total: 68 creatures vanquished

Notes
Turn   | Place    | Note
-------+----------+-------------------------------------------
     0 | D:1      | wilfster70 the Gnoll Hedge Wizard began the quest for the
                  | Orb.
     0 | D:1      | Reached XP level 1. HP: 13/13 MP: 8/8
   229 | D:1      | Reached XP level 2. HP: 19/19 MP: 3/10
   441 | D:1      | Learned a level 2 spell: Blink
   446 | D:1      | Learned a level 2 spell: Call Imp
  1087 | D:1      | Reached XP level 3. HP: 13/25 MP: 7/11
  1492 | D:2      | Reached skill level 1 in Invocations
  1847 | D:2      | Found a faded altar of an unknown god.
  1847 | D:2      | Noticed a rust devil
  1860 | D:2      | Reached skill level 1 in Fighting
  1860 | D:2      | Reached skill level 1 in Short Blades
  1860 | D:2      | Reached skill level 1 in Long Blades
  1860 | D:2      | Reached skill level 1 in Axes
  1860 | D:2      | Reached skill level 1 in Maces & Flails
  1860 | D:2      | Reached skill level 1 in Polearms
  1860 | D:2      | Reached skill level 1 in Staves
  1860 | D:2      | Reached skill level 1 in Ranged Weapons
  1860 | D:2      | Reached skill level 1 in Throwing
  1860 | D:2      | Reached skill level 1 in Armour
  1860 | D:2      | Reached skill level 1 in Shields
  1860 | D:2      | Reached skill level 1 in Unarmed Combat
  1860 | D:2      | Reached skill level 1 in Evocations
  2080 | D:2      | Learned a level 3 spell: Mephitic Cloud
  2583 | D:2      | Reached XP level 4. HP: 8/32 MP: 11/13
  3105 | D:3      | Reached skill level 1 in Hexes
  3105 | D:3      | Reached skill level 1 in Necromancy
  3105 | D:3      | Reached skill level 1 in Transmutations
  3105 | D:3      | Reached skill level 1 in Fire Magic
  3105 | D:3      | Reached skill level 1 in Ice Magic
  3105 | D:3      | Reached skill level 1 in Air Magic
  3105 | D:3      | Reached skill level 1 in Earth Magic
  3105 | D:3      | Reached skill level 1 in Poison Magic
  3397 | D:3      | Found a radiant altar of Vehumet.
  3419 | D:3      | Reached XP level 5. HP: 22/37 MP: 14/14
  3889 | D:4      | Succumbed to an orc priest's poison

Illustrated notes

Levels and vault maps discovered:
D:1:      dpeg_arrival_snail, layout_basic
D:2:      layout_rooms, dreamdust_ecumenical_altar_sealed_demon
D:3:      minmay_general_purpose_star, layout_rooms, lemuel_doored_altar,
          dk_noncrumbling_3
D:4:      layout_loops_ring, mainiacjoe_overflow_alcove_4, serial_shops,
          nicolae_shop_bloodbath_and_beyond, nicolae_square_shop,
          nicolae_square_shop, chequers_serial_rivers_room_b

Skill      XL: |  1  2  3  4 |
---------------+-------------+-----
Conjurations   | 2 |  2.5
Summonings     | 2 |  2.5
Translocations | 2 |  2.5
Invocations    | 1 |  1.9
Fighting       | 1 |  1.6
Short Blades   | 1 |  1.6
Long Blades    | 1 |  1.6
Axes           | 1 |  1.6
Maces & Flails | 1 |  1.6
Polearms       | 1 |  1.6
Staves         | 1 |  1.6
Ranged Weapons | 1 |  1.6
Throwing       | 1 |  1.6
Armour         | 1 |  1.6
Shields        | 1 |  1.6
Unarmed Combat | 1 |  1.6
Evocations     | 1 |  1.6
Hexes          | 1 |  1.3
Necromancy     | 1 |  1.3
Transmutations | 1 |  1.3
Fire Magic     | 1 |  1.3
Ice Magic      | 1 |  1.3
Air Magic      | 1 |  1.3
Earth Magic    | 1 |  1.3
Poison Magic   | 1 |  1.3
Dodging        | |  4.8
Stealth        | |  4.5
Spellcasting   | |  7.3

Action                   |  1- 3 |  4- 6 || total
-------------------------+-------+-------++-------
Melee: Dagger            |    57 |     1 ||    58
       Bite              |     8 |       ||     8
       Sling             |       |     1 ||     1
 Fire: Sling             |    21 |    78 ||    99
 Cast: Magic Dart        |    42 |       ||    42
       Call Imp          |    10 |     1 ||    11
  Use: Scroll            |     4 |     6 ||    10
       Potion            |     1 |     2 ||     3
 Stab: Sleeping          |     1 |       ||     1
Armor: Robe              |    11 |    13 ||    24
Dodge: Dodged            |    80 |    56 ||   136

Table legend: (Time is in decaauts)
 A = Elapsed time spent in this place.
 B = Non-inter-level travel time spent in this place.
 C = Inter-level travel time spent in this place.
 D = Time resting spent in this place.
 E = Time spent auto-exploring this place.
 F = Levels seen in this place.
 G = Mean time per level.
                   A        B        C        D        E       F      G
               +--------+--------+--------+--------+--------+-----+--------+
         Total |   3926 |   3875 |     51 |   1890 |    802 |   4 |  981.5 |
       Dungeon |   3926 |   3875 |     51 |   1890 |    802 |   4 |  981.5 |
               +--------+--------+--------+--------+--------+-----+--------+

Top non-repeatable levels by time:
     D:1: 1520 daAuts
     D:2: 1489 daAuts
     D:3: 824 daAuts
     D:4: 91 daAuts
